 Dungeon Crawl Stone Soup version 0.22.0-38-g04b72b8c25 (webtiles) character file.

156 TheWayOfAllFlesh the Firebug (level 5, -3/41 HPs)
             Began as a Draconian Fire Elementalist on Aug 26, 2018.
             Killed by nerve-wracking pain
             ... invoked by Grinder
              (11 damage)
             ... while paralysed by Grinder
             ... on level 3 of the Dungeon.
             The game lasted 00:10:48 (3863 turns).

TheWayOfAllFlesh the Firebug (DrFE)                 Turns: 3863, Time: 00:10:48

Health: -3/41      AC:  5    Str: 12 (13) XL:     5   Next: 14%
Magic:  9/9        EV:  2    Int: 20 (21) God:
Gold:   155        SH:  0    Dex: 15 (16) Spells: 1/9 levels left

rFire    . . .     SeeInvis .   b - +0 dagger
rCold    . . .     Gourm    .   (no shield)
rNeg     . . .     Faith    .   (armour unavailable)
rPois    .         Spirit   .   (helmet restricted)
rElec    .         Reflect  .   (no cloak)
rCorr    .         Harm     .   (no gloves)
MR       .....                  (no boots)
Stlth    +++.......             (no amulet)
HPRegen  0.13/turn              (no ring)
MPRegen  0.11/turn              (no ring)

@: paralysed, brilliant, agile, hasted and slowed
A: unfitting armour, big wings, strong 1, cold-blooded, AC +5
a: Fly


You were on level 3 of the Dungeon.
You were not hungry.

You visited 1 branch of the dungeon, and saw 3 of its levels.

You collected 155 gold pieces.

Inventory:

Hand Weapons
 b - a +0 dagger (weapon)
Wands
 o - a wand of flame (19)
Scrolls
 j - a scroll of remove curse
Potions
 d - 2 potions of haste
 k - a potion of curing {unknown}
 l - a potion of lignification {unknown}
 p - a potion of mutation
Comestibles
 c - 4 rations
 m - a chunk of flesh


   Skills:
 + Level 1.9 Fighting
 - Level 1.7 Dodging
 - Level 1.7 Stealth
 + Level 2.7 Spellcasting
 * Level 3.0 Conjurations
 * Level 4.1 Fire Magic


You had one spell level left.
You knew the following spells:

 Your Spells              Type           Power        Failure   Level  Hunger
a - Flame Tongue          Conj/Fire      ####.        1%          1    None
c - Sticky Flame          Conj/Fire      ####....     4%          4    ####...
d - Conjure Flame         Conj/Fire      ####....     1%          3    ###....

Your spell library contained the following spells:

 Spells                   Type           Power        Failure   Level  Hunger
 Throw Flame              Conj/Fire      ####..       1%          2    ##.....
 Inner Flame              Hex/Fire       ###.....     2%          3    ###....
 Fireball                 Conj/Fire      ####......   11%         5    ######.


Dungeon Overview and Level Annotations

Branches:
Dungeon (3/15)

Altars:
Ru
Yredelemnul
The Shining One

Annotations:
D:3 Grinder, Natasha


Innate Abilities, Weirdness & Mutations

Your plain brown scales are hard. (AC +5)
You cannot fit into any form of body armour.
You are cold-blooded and may be slowed by cold attacks.
Your large and strong wings let you fly indefinitely.
Your muscles are strong. (Str +2)


Message History

You feel less confused. Grinder barely misses you. Natasha misses you.
It was a potion of brilliance.
You feel clever all of a sudden. Grinder gestures at you.
You suddenly lose the ability to move!
Natasha stares at you and mumbles some strange words.
The magic dart hits you!
Grinder blinks!
Natasha casts a spell at you. The magic dart hits you! Grinder hits you.
* * * LOW HITPOINT WARNING * * *
Natasha claws you.
* * * LOW HITPOINT WARNING * * *
Grinder barely misses you. Natasha claws you but does no damage.
Grinder says, "My boss said I was rubbish.
His entrails said otherwise."
Grinder gestures at you. Pain shoots through your body!
You die...

# # #.#####
#####.#...#####
...............
######.###5.#....#
#.5....##..###....
#@####.##.##_##..⌠
#h# #.....##'....
#l# #####..#...P.
... ##....≈≈P #..
#....PP. #..#
#..#.... ....
....##### #..#
###.# #.. ... #.#


You could see Grinder, Natasha and a frilled lizard.

Vanquished Creatures
  Ijyb (D:3)
  4 gnolls (D:2)
  2 adders
  3 oozes
  2 dart slugs (D:1)
  4 worms (D:2)
  6 bats
  2 giant cockroaches
  2 gnoll zombies (D:2)
  6 goblins
  2 jackals (D:3)
  9 kobolds
  8 rats
51 creatures vanquished.

Notes
Turn   | Place    | Note
-------+----------+-------------------------------------------
     0 | D:1      | TheWayOfAllFlesh the Draconian Fire Elementalist began the quest for the Orb.
     0 | D:1      | Reached XP level 1. HP: 14/14 MP: 3/3
   415 | D:1      | Reached XP level 2. HP: 18/22 MP: 1/5
   998 | D:1      | Reached XP level 3. HP: 26/27 MP: 2/6
  1041 | D:1      | Learned a level 3 spell: Conjure Flame
  1472 | D:2      | Reached skill level 1 in Fighting
  1710 | D:2      | Found a sacrificial altar of Ru.
  2351 | D:2      | Reached XP level 4. HP: 35/35 MP: 0/7
  2991 | D:2      | Found a basalt altar of Yredelemnul.
  3456 | D:3      | Noticed Ijyb
  3532 | D:2      | Learned a level 4 spell: Sticky Flame
  3539 | D:3      | Killed Ijyb
  3539 | D:3      | Reached skill level 4 in Fire Magic
  3539 | D:3      | Reached XP level 5. HP: 19/41 MP: 1/8
  3819 | D:3      | Found a glowing golden altar of the Shining One.
  3830 | D:3      | Noticed Grinder
  3847 | D:3      | Noticed Natasha
  3850 | D:3      | Gained mutation: Your large and strong wings let you fly indefinitely. [potion of mutation]
  3850 | D:3      | Gained mutation: Your muscles are strong. (Str +2) [potion of mutation]
  3859 | D:3      | Paralysed by Grinder for 7 turns
  3863 | D:3      | Killed from afar by Grinder

Skill      XL: |  1  2  3  4 |
---------------+-------------+-----
Conjurations   | 2 3 |  3.0
Fighting       | 1 |  1.9
Fire Magic     | 4 |  4.1
Dodging        | |  1.7
Stealth        | |  1.7
Spellcasting   | |  2.7

Action                   |  1- 3 |  4- 6 || total
-------------------------+-------+-------++-------
Melee: Dagger            |    23 |     7 ||    30
       Tailslap          |     4 |       ||     4
 Cast: Flame Tongue      |    73 |    51 ||   124
       Conjure Flame     |     3 |     3 ||     6
  Use: Potion            |       |     6 ||     6
       Scroll            |       |     5 ||     5
 Stab: Sleeping          |     1 |       ||     1
  Eat: Chunk             |     2 |     6 ||     8
       Ration            |     1 |       ||     1
Armor: Skin              |    14 |     7 ||    21
Dodge: Dodged            |    23 |    14 ||    37
